 Dungeon Crawl Stone Soup version 0.23.1 (webtiles) character file.

Game seed: 6087100521043387722

650 Borgoz the Sneak (level 7, -12/56 HPs)
             Began as a Ghoul Enchanter on Mar 3, 2019.
             Mangled by an ogre
             ... wielding a +0 giant spiked club
              (22 damage)
             ... on level 4 of the Dungeon.
             The game lasted 00:07:52 (3357 turns).

Borgoz the Sneak (Ghoul Enchanter)                  Turns: 3357, Time: 00:07:54

Health: -12/56     AC:  7    Str: 12    XL:     7   Next: 53%
Magic:  10/10      EV: 18    Int: 10    God:
Gold:   79         SH:  0    Dex: 16    Spells: 10/11 levels left

rFire    . . .     SeeInvis .   a - +4 dagger (pain)
rCold    + . .     Gourm    .   (no shield)
rNeg     + + +     Faith    .   r - +0 troll leather armour
rPois    ∞         Spirit   .   s - +2 hat
rElec    .         Reflect  .   o - +0 cloak
rCorr    .         Harm     .   (no gloves)
MR       .....                  (no boots)
Stlth    ++++......             (no amulet)
HPRegen  0.00/turn              (no ring)
MPRegen  0.12/turn              (no ring)

@: agile, rotting
A: rotting body, claws 1, carnivore, cold resistance 1, negative energy
resistance 3, inhibited regeneration, torment resistance, unbreathing
a: no special abilities


You were on level 4 of the Dungeon.
You were not hungry.

You visited 1 branch of the dungeon, and saw 4 of its levels.

You collected 79 gold pieces.

Inventory:

Hand Weapons
 a - a +4 dagger of pain (weapon)
Missiles
 j - a throwing net (quivered)
 p - 12 poisoned needles
Armour
 o - a +0 cloak (worn)
 r - a +0 troll leather armour (worn)
 s - a +2 hat (worn)
Wands
 e - a wand of iceblast (22)
 t - a wand of random effects (18)
Scrolls
 b - 5 scrolls of identify {unknown}
 h - 2 scrolls of enchant weapon {unknown}
 l - a scroll of teleportation {unknown}
 q - 3 scrolls of remove curse
 u - a scroll of magic mapping {unknown}
Potions
 g - a potion of haste
 i - a potion of might {unknown}
 k - a potion of flight
 m - a potion of lignification
 n - a potion of curing {unknown}
Comestibles
 c - 3 chunks of flesh
 d - 9 rations


   Skills:
 + Level 2.7 Fighting
 * Level 3.5 Short Blades
 + Level 2.0 Armour
 * Level 3.6 Dodging
 + Level 4.5 Stealth
 + Level 2.7 Spellcasting
 + Level 3.1 Hexes


You had 10 spell levels left.
You knew the following spells:

 Your Spells              Type           Power        Failure   Level  Hunger
a - Corona                Hex            #......      10%         1    ##.....

Your spell library contained the following spells:

 Spells                   Type           Power        Failure   Level  Hunger
 Ensorcelled Hibernation  Hex/Ice        #.....       28%         2    ###....
 Confuse                  Hex            #.......     30%         3    ####...
 Tukima's Dance           Hex            #.......     30%         3    ####...
 Dazzling Spray           Conj/Hex       #.....       50%         3    ####...


Dungeon Overview and Level Annotations

Branches:
Dungeon (4/15)
 Temple: D:4-7

Altars:
Dithmenos
Gozag
Trog
Uskayaw
The Shining One

Annotations:
D:2 1 runed translucent door, Crazy Yiuf
D:4 2 runed translucent doors, BunnyScoffer's ghost, amateur FoAK


Innate Abilities, Weirdness & Mutations

Your body is rotting away.
You thrive on raw meat.
You are immune to poison.
You have sharp fingernails.
You are carnivorous and can eat meat at any time.
Your flesh is cold resistant. (rC+)
You are immune to negative energy. (rN+++)
You do not regenerate when monsters are visible.
You are immune to unholy pain and torment.
You can survive without breathing.


Message History

There is an escape hatch in the ceiling here.
Found a stone staircase leading down.
An ogre comes into view. It is wielding a +0 giant spiked club.
The ogre shouts!
An ogre is nearby!
The ogre misses you.
You completely miss the ogre.
The ogre hits you with a +0 giant spiked club!!
You hit the ogre.
The ogre is lightly wounded.
You hit the ogre.
The ogre is heavily wounded.
The ogre hits you with a +0 giant spiked club!!
* * * LOW HITPOINT WARNING * * *
You are too injured to fight recklessly!
You are too injured to fight recklessly!
It was a potion of agility.
You feel agile all of a sudden.
The ogre hits you with a +0 giant spiked club!!
You die...

###### ###....#
##...##.#
############
##..####.#
...........#######
##..##.....
##########.......#
#..##.....÷
#######@#
#.##....... #O#
#.##....### #..
#.##...##y# #.##
#.##...÷###
######### #.#
#.###......
#.......# #.#
##.###...._.
#.#####.# #.#
##...###....) #.#
#.# #.#
#.....####).. #.#
#.# #.......#####


You could see an ogre.

Vanquished Creatures
  An ogre (D:4)
  2 scorpions (D:3)
  A crimson imp (D:3)
  2 hounds (D:4)
  2 orc priests (D:4)
  2 orc wizards (D:4)
  An iguana (D:4)
  4 worker ants
  3 adders
  3 dart slugs
  3 worms
  3 leopard geckos
  6 orcs
  A ball python (D:1)
  4 bats
  6 giant cockroaches
  13 hobgoblins
  12 jackals
  4 kobolds
  3 quokkas
  10 frilled lizards
  8 goblins
  A jackal skeleton (D:4)
  16 rats
111 creatures vanquished.

Notes
Turn   | Place    | Note
-------+----------+-------------------------------------------
     0 | D:1      | Borgoz the Ghoul Enchanter began the quest for the Orb.
     0 | D:1      | Reached XP level 1. HP: 14/14 MP: 2/2
    46 | D:1      | Reached skill level 1 in Short Blades
   143 | D:1      | Reached XP level 2. HP: 20/20 MP: 3/3
   351 | D:1      | Reached XP level 3. HP: 4/27 MP: 4/4
   791 | D:2      | Found a hide-covered altar of Uskayaw.
   996 | D:2      | Found a runed translucent door.
   997 | D:2      | Noticed Crazy Yiuf
  1199 | D:2      | Reached skill level 1 in Fighting
  1211 | D:2      | Reached XP level 4. HP: 25/34 MP: 6/6
  1320 | D:2      | Found a glowing golden altar of the Shining One.
  1598 | D:3      | Reached skill level 1 in Armour
  1610 | D:3      | Reached XP level 5. HP: 28/39 MP: 7/7
  1967 | D:3      | Found an opulent altar of Gozag.
  2321 | D:3      | HP: 2/41 [scorpion (6)]
  2331 | D:3      | Reached skill level 4 in Stealth
  2331 | D:3      | Reached XP level 6. HP: 27/48 MP: 8/8
  2579 | D:4      | Found a large runed translucent door.
  2580 | D:4      | Found a large runed translucent door.
  2583 | D:4      | Noticed BunnyScoffer's ghost (amateur FoAK)
  2659 | D:4      | Noticed a moth of wrath
  2662 | D:4      | Found a bloodstained altar of Trog.
  2796 | D:4      | Reached XP level 7. HP: 10/56 MP: 9/9
  2848 | D:4      | Found a shadowy altar of Dithmenos.
  3010 | D:4      | Found an opulent altar of Gozag.
  3357 | D:4      | Mangled by an ogre

Skill      XL: |  1  2  3  4  5  6  7 |
---------------+----------------------+-----
Short Blades   | 1 2 3 |  3.5
Dodging        | 2 3 |  3.6
Spellcasting   | 2 |  2.7
Fighting       | 1 2 |  2.7
Armour         | 1 2 |  2.0
Stealth        | 4 |  4.5
Hexes          | 3 |  3.1

Action                   |  1- 3 |  4- 6 |  7- 9 || total
-------------------------+-------+-------+-------++-------
Melee: Dagger            |   226 |   273 |    64 ||   563
  Use: Scroll            |     1 |     1 |       ||     2
       Potion            |       |     5 |     1 ||     6
 Stab: Sleeping          |     5 |     6 |     3 ||    14
  Eat: Chunk             |    27 |    16 |    15 ||    58
Armor: Robe              |    44 |       |       ||    44
       Troll leather arm |       |    87 |    15 ||   102
Dodge: Dodged            |   157 |   128 |    34 ||   319
